 Dungeon Crawl Stone Soup version 0.20-a0-1126-g0f15420 (webtiles) character file.

199 erog the Firebug (level 5, -3/28 HPs)
             Began as a Tengu Fire Elementalist on May 18, 2017.
             Slain by a bullfrog (7 damage)
             ... summoned by the darkness of Dithmenos
             ... on level 4 of the Dungeon.
             The game lasted 00:16:12 (3871 turns).

erog the Firebug (Tengu Fire Elementalist)          Turns: 3871, Time: 00:16:13

Health: -3/28      AC:  3    Str: 10    XL:     5   Next: 77%
Magic:  9/10       EV: 12    Int: 15    God:
Gold:   177        SH:  0    Dex: 14    Spells: 7/10 levels left

rFire    . . .     SeeInvis .   h - +0 spear (pierce)
rCold    . . .     Gourm    .   (no shield)
rNeg     . . .     Faith    .   i - +0 leather armour
rPois    .         Spirit   .   (helmet restricted)
rElec    .         Reflect  .   (no cloak)
rCorr    .         Harm     .   (no gloves)
MR       .....                  (boots unavailable)
Stlth    ++........             (no amulet)
Regen    0.1/turn               (no ring)
MPRegen  0.2/turn               (no ring)

@: no status effects
A: beak, talons 3, able to fly 1
a: Fly


You were on level 4 of the Dungeon.
You were not hungry.

You visited 1 branch of the dungeon, and saw 4 of its levels.

You collected 177 gold pieces.

Inventory:

Hand Weapons
 f - a +0 dagger
 h - a +0 spear of piercing (weapon)
 k - a +2 vampiric whip
Armour
 a - a +0 robe
 i - a +0 leather armour (worn)
Scrolls
 e - a scroll of enchant weapon {unknown}
 j - 3 scrolls of teleportation {unknown}
 l - 3 scrolls of fog {unknown}
 n - 3 scrolls of remove curse
 p - a scroll of enchant armour {unknown}
 q - 4 scrolls of noise {unknown}
 r - a scroll of identify
 y - a scroll of fear {unknown}
Potions
 g - a potion of curing
 m - 3 potions of might
 o - 2 potions of cancellation
 s - 2 potions of invisibility {unknown}
 t - a potion of lignification {unknown}
 u - a potion of flight {unknown}
 v - a potion of ambrosia {unknown}
 w - 2 potions of heal wounds {unknown}
 z - a potion of agility {unknown}
Books
 b - a book of Flames

   Spells                             Type                      Level
   a - Flame Tongue                   Conjuration/Fire             1
   b - Throw Flame                    Conjuration/Fire             2
   c - Conjure Flame                  Conjuration/Fire             3
   d - Inner Flame                    Hexes/Fire                   3
   e - Sticky Flame                   Conjuration/Fire             4
   f - Fireball                       Conjuration/Fire             5
Comestibles
 c - a bread ration
 d - a royal jelly
 x - a meat ration
 A - 2 fruits


   Skills:
 + Level 0.2 Fighting
 * Level 2.6 Polearms
 + Level 0.4 Armour
 + Level 2.5 Dodging
 + Level 2.4 Stealth
 + Level 3.0 Spellcasting
 + Level 2.3 Conjurations
 + Level 4.7 Fire Magic


You had 7 spell levels left.
You knew the following spells:

 Your Spells              Type           Power        Failure   Level  Hunger
a - Flame Tongue          Conj/Fire      ##...        6%          1    #......
b - Throw Flame           Conj/Fire      ##....       10%         2    ##.....


Dungeon Overview and Level Annotations

Branches:
Dungeon (4/15)
 Temple: D:4-7

Altars:
Cheibriados
Dithmenos
Fedhas
Kikubaaqudgha


Innate Abilities, Weirdness & Mutations

You have a beak for a mouth.
You have claws for feet.
You can fly.


Message History

The stone disappears in a puff of smoke!
You barely miss the bullfrog. You claw the bullfrog. You peck the bullfrog.
The bullfrog is moderately wounded.
The bullfrog hits you.
The big kobold throws a stone.
The stone barely misses you.
The stone disappears in a puff of smoke!
You are too injured to fight recklessly!
You are too injured to fight recklessly!
You are too injured to fight recklessly!
You are too injured to fight recklessly!
You are too injured to fight recklessly!
Casting: Flame Tongue
Confirm with . or Enter, or press ? or * to list all spells.
Aiming: Flame Tongue
Press: ? - help, Shift-Dir - straight line, f/p - big kobold
Aim: a big kobold, wielding a club (summoned)
The flame tongue misses the big kobold.
The bullfrog hits you!
* * * LOW HITPOINT WARNING * * *
The bullfrog hits you!
You die...

#.. ##.# #>.# #.<#
### #..# ####.#
#..##
#.##....####...#
......F.##.#...#
.[!...†@...?...#
..............##
.#.#...K.......#
....#..........#
#$.#...........#
..................
###................
#...#............


You could see a big kobold and a bullfrog.

Vanquished Creatures
  4 gnolls
  7 adders
  2 oozes
  2 worms (D:3)
  2 dart slugs
  2 leopard geckos (D:3)
  2 ball pythons
  3 giant cockroaches
  5 hobgoblins
  8 jackals
  15 bats
  6 frilled lizards
  9 goblins
  10 kobolds
  5 rats
82 creatures vanquished.

Notes
Turn   | Place    | Note
-------+----------+-------------------------------------------
     0 | D:1      | erog the Tengu Fire Elementalist began the quest for the Orb.
     0 | D:1      | Reached XP level 1. HP: 10/10 MP: 4/4
   695 | D:1      | Reached XP level 2. HP: 13/15 MP: 0/6
   917 | D:1      | Reached skill level 4 in Fire Magic
   929 | D:1      | Reached XP level 3. HP: 19/19 MP: 5/7
  1360 | D:1      | Learned a level 2 spell: Throw Flame
  1948 | D:2      | Found a blossoming altar of Fedhas.
  1954 | D:2      | Reached XP level 4. HP: 21/24 MP: 5/8
  2082 | D:2      | Reached skill level 1 in Polearms
  2201 | D:2      | Found a faded altar of an unknown god.
  2203 | D:2      | You fall through a shaft!
  2627 | D:3      | Gained mutation: You can fly. [Tengu growth]
  2627 | D:3      | Reached XP level 5. HP: 20/28 MP: 3/10
  2766 | D:3      | Found a snail-covered altar of Cheibriados.
  3140 | D:2      | Found an ancient bone altar of Kikubaaqudgha.
  3755 | D:2      | Found a shadowy altar of Dithmenos.
  3759 | D:2      | Became a worshipper of Dithmenos the Shadowed
  3853 | D:3      | Fell from the grace of Dithmenos
  3867 | D:4      | Noticed a big kobold
  3871 | D:4      | Slain by a bullfrog

Vault maps used:
D:1:      saegor_arrival_simple_d, supply_closet_lemuel, minmay_vboxes
D:2:      kiku_gazebo_pond_becter, marbit_many_paths,
          chequers_ecumenical_altar_simple_redux, hangedman_decor_growths,
          fedhas_altar_3
D:3:      lemuel_coloured_pillars_altar
D:4:      kennysheep_generic_room_4

Skill      XL: |  1  2  3  4  5 |
---------------+----------------+-----
Fire Magic     | 4 |  4.7
Polearms       | 1 2 |  2.6
Conjurations   | 2 |  2.3
Spellcasting   | 3 |  3.0
Fighting       | |  0.2
Armour         | |  0.4
Dodging        | |  2.5
Stealth        | |  2.4

Action                   |  1- 3 |  4- 6 || total
-------------------------+-------+-------++-------
Melee: Dagger            |     1 |       ||     1
       Unarmed           |     1 |       ||     1
       Spear             |    41 |    75 ||   116
       Peck              |     3 |     8 ||    11
       Kick              |     1 |    11 ||    12
 Cast: Flame Tongue      |    42 |    45 ||    87
Invok: Renounce Religion |       |     1 ||     1
  Use: Scroll            |     5 |       ||     5
 Stab: Sleeping          |     1 |     3 ||     4
  Eat: Bread ration      |     1 |     1 ||     2
       Royal jelly       |     1 |       ||     1
       Chunk             |     1 |       ||     1
Armor: Robe              |     5 |     3 ||     8
       Leather armour    |       |     6 ||     6
Dodge: Dodged            |    35 |    31 ||    66
